 Dungeon Crawl Stone Soup version 0.17.0 (webtiles) character file.

303 Eucla the Chopper (level 6, 0/56 HPs)
             Began as a Hill Orc Berserker on Nov 11, 2015.
             Was a Priest of Trog.
             Slain by a gnoll
             ... wielding a +0 flail
              (7 damage)
             ... on level 4 of the Dungeon.
             The game lasted 00:05:47 (2317 turns).

Eucla the Chopper (Hill Orc Berserker)              Turns: 2317, Time: 00:05:47

Health: 0/56       AC:  5    Str: 20      XL:     6   Next: 38%
Magic:  6/6        EV: 12    Int:  7      God:    Trog [***...]
Gold:   128        SH:  0    Dex: 11 (12) Spells: 0 memorised, 5 levels left

rFire  . . .     SeeInvis .     a - +0 hand axe
rCold  + . .     Clarity  .     e - +2 leather armour {rN+}
rNeg   + . .     SustAt   .     (no shield)
rPois  .         Gourm    .     (no helmet)
rElec  .         Spirit   .     (no cloak)
rCorr  .         Warding  .     (no gloves)
rMut   .         Stasis   .     (no boots)
MR     ++...                    (no amulet)
Stlth  +.........               (no ring)
                                m - ring of protection from cold

@: exhausted, regenerating, slowed, very slow, very resistant to hostile
enchantments, very unstealthy
A: no striking features
a: Berserk, Trog's Hand, Burn Spellbooks, Renounce Religion


You were on level 4 of the Dungeon.
You worshipped Trog.
Trog was most pleased with you.
You were not hungry.

You visited 1 branch of the dungeon, and saw 4 of its levels.

You collected 128 gold pieces.

Inventory:

Hand Weapons
 a - a +0 hand axe (weapon)
Armour
 b - a +0 animal skin
 e - a +2 leather armour of positive energy (worn)
Jewellery
 m - a ring of protection from cold (left hand)
 s - an uncursed amulet of regeneration {unknown}
Wands
 k - a wand of magic darts (7)
Scrolls
 d - 5 scrolls of remove curse {unknown}
 i - a scroll of random uselessness {unknown}
 j - 5 scrolls of identify {unknown}
 l - a scroll of teleportation {unknown}
 o - a scroll of enchant weapon {unknown}
 p - a scroll of magic mapping {unknown}
 q - a scroll of fear {unknown}
Potions
 g - a potion of curing
 h - 2 potions of magic
Comestibles
 c - 2 bread rations


   Skills:
 + Level 5.2 Fighting
 * Level 6.2 Axes
 + Level 3.9 Armour
 + Level 2.5 Dodging


You had 5 spell levels left.
You didn't know any spells.

Dungeon Overview and Level Annotations

Branches:
Dungeon (4/15)
 Temple: D:4-7

Altars:
Ashenzari
Dithmenos
Gozag
Nemelex Xobeh
Okawaru
Qazlal
Trog
Zin


Message History

The gnoll is moderately wounded.
You hit the gnoll.
The gnoll is moderately wounded.
The gnoll hits you with a flail.
* * * LOW HITPOINT WARNING * * *
The gnoll misses you. The gnoll barely misses you.
The gnoll closely misses you.
Unknown command.
Unknown command.
You slash the gnoll!
You kill the gnoll!
Trog accepts your kill.
You barely miss the gnoll.
The gnoll is moderately wounded.
You hit the gnoll.
The gnoll is heavily wounded.
The gnoll hits you with a spear!
* * * LOW HITPOINT WARNING * * *
The gnoll hits you with a flail!
You die...

.._..gg#####.## #.....#.##.##
♣.♣.♣.#))....# .#........##
...gg#<##...## .........#..
.♣.♣.#.#)#.....# ##...#...#..
.......#)#.....# #...##.####
####.#...#.....# #...##..#..
#.....#.##.(.#########.).##..#?.
#.....#......###g............###
#..#.###...###.@)..........#...†
#....#E#...#E###g..........#....
#....###...### #######...###g..#
####..........# #...# #....
#....._....# #.....#....
##.........# #....#..###
####...#### #.......# #E#...#E#
....#..# ###...### ###.#.##


You could see 2 gnolls.

Vanquished Creatures
  2 orc priests (D:3)
  A worker ant (D:4)
  6 gnolls (D:4)
  6 adders
  An ooze (D:3)
  A worm (D:2)
  4 orcs
  7 ball pythons
  8 hobgoblins
  3 jackals (D:1)
  8 bats
  7 giant cockroaches
  2 giant geckos
  8 giant newts
  7 goblins
  11 kobolds
  3 quokkas
  A quokka skeleton (D:3)
  6 rats
92 creatures vanquished.

Vanquished Creatures (others)
  A goblin (D:3)
1 creature vanquished.

Grand Total: 93 creatures vanquished

Notes
Turn   | Place    | Note
--------------------------------------------------------------
     0 | D:1      | Eucla the Hill Orc Berserker began the quest for the Orb.
     0 | D:1      | Reached XP level 1. HP: 19/19 MP: 1/1
   144 | D:1      | Reached XP level 2. HP: 21/27 MP: 2/2
   336 | D:1      | Reached ** piety under Trog
   424 | D:1      | Reached XP level 3. HP: 33/33 MP: 3/3
   658 | D:2      | Found a shattered altar of Ashenzari.
   798 | D:2      | Found a shadowy altar of Dithmenos.
   804 | D:2      | Found a sparkling altar of Nemelex Xobeh.
   892 | D:2      | Reached XP level 4. HP: 32/40 MP: 4/4
  1057 | D:2      | Found a glowing silver altar of Zin.
  1197 | D:3      | Reached skill level 5 in Axes
  1449 | D:3      | Reached *** piety under Trog
  1464 | D:3      | Reached XP level 5. HP: 47/47 MP: 5/5
  1522 | D:3      | Found a bloodstained altar of Trog.
  1522 | D:3      | Found an opulent altar of Gozag.
  1911 | D:3      | Reached skill level 5 in Fighting
  1968 | D:4      | Found a stormy altar of Qazlal.
  1969 | D:4      | Noticed a fire elemental
  1971 | D:4      | Noticed an air elemental
  1971 | D:4      | Noticed a water elemental
  1981 | D:4      | Found an iron altar of Okawaru.
  1985 | D:4      | Noticed a sky beast
  2001 | D:4      | Reached skill level 6 in Axes
  2001 | D:4      | Reached XP level 6. HP: 33/56 MP: 6/6
  2258 | D:4      | Reached **** piety under Trog
  2258 | D:4      | Received a gift from Trog
  2305 | D:4      | HP: 2/56 [gnoll/halberd (13)]
  2317 | D:4      | Slain by a gnoll

Action                   |  1- 3 |  4- 6 || total
-------------------------+-------+-------++-------
Melee: Hand axe          |   140 |   192 ||   332
Invok: Berserk           |       |     3 ||     3
       Trog's Hand       |       |     1 ||     1
  Use: Potion            |       |     6 ||     6
 Stab: Sleeping          |     1 |       ||     1
  Eat: Chunk             |       |     3 ||     3
       Fruit             |       |     5 ||     5
       Meat ration       |       |     1 ||     1
